 Dungeon Crawl Stone Soup version 0.27-a0-695-gb4952372f7 (webtiles) character file.

Game seed: 15136095811776440959

32 Gaff the Vandal (level 3, -1/24 HPs)
             Began as a Halfling Hunter on Mar 22, 2021.
             Was an Initiate of Okawaru.
             Slain by an orc
             ... wielding a +0 whip
              (7 damage)
             ... on level 2 of the Dungeon.
             The game lasted 00:03:41 (1742 turns).

Gaff the Vandal (Halfling Hunter)                   Turns: 1742, Time: 00:03:42

Health: -1/24      AC:  3    Str: 14    XL:     3   Next: 45%
Magic:  3/3        EV: 14    Int:  9    God:    Okawaru [......]
Gold:   84         SH:  0    Dex: 14    Spells: 2/2 levels left

rFire    + . .     SeeInvis .   b - +0 short sword
rCold    . . .     Faith    .   (shield restricted)
rNeg     . . .     Spirit   .   c - +0 leather armour
rPois    .         Reflect  .   (no helmet)
rElec    .         Harm     .   (no cloak)
rCorr    .         Rampage  .   (no gloves)
Will     .....                  (no boots)
Stlth    ++........             (no amulet)
HPRegen  0.08/turn              g - ring of protection from fire
MPRegen  0.08/turn              (no ring)

@: no status effects
A: small, no large weapons, mutation resistance 1
a: Renounce Religion


You were on level 2 of the Dungeon.
You worshipped Okawaru.
Okawaru was noncommittal.
You visited 1 branch of the dungeon, and saw 2 of its levels.

You collected 84 gold pieces.

Inventory:

Hand Weapons
 a - a +1 hunting sling
 b - a +0 short sword (weapon)
Missiles
 d - 42 sling bullets
 i - 12 stones (quivered)
Armour
 c - a +0 leather armour (worn)
Jewellery
 g - a ring of protection from fire (right hand)
Scrolls
 e - 2 scrolls of summoning {unknown}
 j - 2 scrolls of enchant armour {unknown}
Potions
 f - a potion of degeneration {unknown}
 h - a potion of curing {unknown}


   Skills:
 - Level 1.7 Fighting
 * Level 6.9 Slings
 - Level 2.1 Dodging
 + Level 2.2 Stealth


You had 2 spell levels left.
You didn't know any spells.
Your spell library contained the following spells:

 Spells                   Type           Power      Damage    Failure   Level
 Magic Dart               Conj           0%         1d3       45%         1
 Blink                    Tloc           N/A        N/A       61%         2
 Call Imp                 Summ           0%         N/A       61%         2
 Slow                     Hex            0%         N/A       61%         2
 Conjure Flame            Conj/Fire      0%         6-21      83%         3
 Mephitic Cloud           Conj/Pois/Air  0%         N/A       83%         3


Dungeon Overview and Level Annotations

Branches:
Dungeon (2/15)

Altars:
Okawaru


Innate Abilities, Weirdness & Mutations

You are small and have problems with some larger weapons.
You are somewhat resistant to further mutation.


Message History

An adder comes into view.
a - a +1 hunting sling (weapon)
The adder hisses angrily.
Fire: 45 sling bullets
Press: ? - help, Q - select action, (/) - cycle Shift-Dir - straight line, f - adder
Aim: an adder (46% to hit)
You shoot a sling bullet. The sling bullet hits the adder.
The adder is lightly wounded.
You shoot a sling bullet. The sling bullet hits the adder.
The adder is severely wounded.
You shoot a sling bullet. The sling bullet hits the adder!
You kill the adder!
Okawaru accepts your kill.
b - a +0 short sword (weapon)
i - 12 stones (gained 7)
Things that are here:
a +0 club; a +0 hunting sling
Found a robe.
You now have 84 gold pieces (gained 9).
An orc comes into view. It is wielding a +0 whip.
The orc hits you with a +0 whip!
You hit the orc but do no damage. The orc hits you with a +0 whip!
* * * LOW HITPOINT WARNING * * *
You hit the orc.
The orc is heavily wounded.
The orc barely misses you.
You hit the orc but do no damage.
The orc is heavily wounded.
The orc misses you.
You hit the orc.
The orc is almost dead.
The orc hits you with a +0 whip.
* * * LOW HITPOINT WARNING * * *
You hit the orc but do no damage.
The orc is almost dead.
The orc misses you.
You barely miss the orc.
The orc is almost dead.
The orc hits you with a +0 whip!
You die...

.........# #.# #.#
###......###.###.#
#........###_..+.#
#.#......###.###.# .
#........# #.# #.#####..
#####..<.###'###........
........................
####......#####.........
..<..........##†@.......
.#........)#.##..o......
###....................
...#...###.#.....((...
.##.........#..........
. #####.###.#..........
....#.#..........
#.....#.....#####
#.##.##.#


You could see an orc.

Vanquished Creatures
  An adder (D:2)
  An ooze (D:1)
  4 bats
  A giant cockroach (D:1)
  3 goblins
  4 hobgoblins
  A kobold (D:2)
  A ball python (D:1)
  A frilled lizard (D:1)
  A rat (D:2)
18 creatures vanquished.

Notes
Turn   | Place    | Note
-------+----------+-------------------------------------------
     0 | D:1      | Gaff the Halfling Hunter began the quest for the Orb.
     0 | D:1      | Reached XP level 1. HP: 14/14 MP: 1/1
   115 | D:1      | Reached skill level 6 in Slings
   184 | D:1      | Reached XP level 2. HP: 8/19 MP: 2/2
   940 | D:2      | Found an iron altar of Okawaru.
  1346 | D:2      | Reached XP level 3. HP: 12/24 MP: 3/3
  1633 | D:2      | Became a worshipper of Warmaster Okawaru
  1742 | D:2      | Slain by an orc

Illustrated notes

Levels and vault maps discovered:
D:1:      minmay_arrival_three_doors, layout_basic, hex_medium
D:2:      layout_basic, lemuel_doored_altar, serial_rivers,
          chequers_serial_rivers_room_a, chequers_serial_rivers_room_a,
          chequers_serial_rivers_micro_a, chequers_serial_rivers_micro_a,
          minmay_misc_feat_diagonals, minmay_bisected

Skill      XL: |  1  2 |
---------------+-------+-----
Slings         | 6 |  6.9
Stealth        | 2 |  2.2
Fighting       | |  1.7
Dodging        | |  2.1

Action                   || total
-------------------------++-------
Melee: Short sword       ||    80
 Fire: Hunting sling     ||     3
Armor: Leather armour    ||    28
Dodge: Dodged            ||   112

Table legend: (Time is in decaauts)
 A = Elapsed time spent in this place.
 B = Non-inter-level travel time spent in this place.
 C = Inter-level travel time spent in this place.
 D = Time resting spent in this place.
 E = Time spent auto-exploring this place.
 F = Levels seen in this place.
 G = Mean time per level.
                   A        B        C        D        E       F      G
               +--------+--------+--------+--------+--------+-----+--------+
         Total |   1755 |   1637 |    118 |    823 |    410 |   2 |  877.5 |
       Dungeon |   1755 |   1637 |    118 |    823 |    410 |   2 |  877.5 |
               +--------+--------+--------+--------+--------+-----+--------+

Top non-repeatable levels by time:
     D:1: 1463 daAuts
     D:2: 292 daAuts
